AoeStats
← SeemsFishy

Lombardia

509959924Analyzed
4v4 RM · 2d ago on Sep 28, 2026· 63m 50s· 8 players
Game mode
Random Map
Map size
Large (8 player)
Population
200
Speed
Normal
Resources
Standard
Victory
Conquest
Starting age
Dark Age
Ending age
Imperial Age
RankedLock teamsTeams togetherTeam positionsShared explorationLock speedFull tech treeHidden civsTurbo modeCheats
Victory
Defeat
🇨🇱 Mongols · Chile
1658
+9
🇨🇱 Spanish · Chile
1580
+11
🇨🇱 Khmer · Chile
1389
+19
🇲🇽 Vietnamese · Mexico
1273
+23
🇫🇷 Saracens · France
1533
-18
🇵🇪 Japanese · Peru
1475
-16
🇲🇽 Persians · Mexico
1438
-14
🇬🇧 Hindustanis · United Kingdom
1421
-14
ElTitanSargeras
12:04 Feudal Age
13:38 Loom
15:57 Castle Age
14:38 Double-Bit Axe
15:50 Fletching
16:43 Bodkin Arrow
18:44 Ballistics
20:16 Bow Saw
25:56 Wheelbarrow
28:59 Padded Archer Armor
29:01 Gold Mining
30:54 Horse Collar
33:53 Bloodlines
33:44 Husbandry
37:09 Imperial Age
36:00 Leather Archer Armor
37:53 Gold Shaft Mining
37:26 Town Watch
37:28 Loom
37:59 Hand Cart
39:07 Parthian Tactics
39:15 Bracer
40:21 Chemistry
40:48 Heavy Cavalry Archer
42:05 Stone Mining
44:36 Heavy Plow
46:50 Parthian Tactics
46:31 Thumb Ring
49:15 Elite Skirmisher
49:53 Capped Ram
52:47 Ring Archer Armor
54:29 Pikeman
55:10 Squires
54:56 Arson
55:23 Forging
55:20 Scale Mail Armor
58:45 Caravan
59:30 Halberdier
62:51 Two-Man Saw
63:37 Chain Mail Armor
64:07 Iron Casting
ALF
6:01 Loom
10:58 Feudal Age
15:40 Castle Age
13:57 Double-Bit Axe
25:40 Bow Saw
27:11 Wheelbarrow
30:27 Gold Mining
31:36 Stone Mining
32:22 Gold Shaft Mining
32:45 Hand Cart
36:43 Imperial Age
34:11 Horse Collar
34:21 Town Watch
35:34 Forging
35:32 Scale Barding Armor
35:40 Town Patrol
36:04 Caravan
36:31 Bloodlines
36:22 Husbandry
37:30 Iron Casting
36:24 Light Cavalry
37:30 Elite War Elephant
39:36 Blast Furnace
39:44 Chain Barding Armor
41:30 Heavy Plow
44:12 Plate Barding Armor
43:09 Hussar
SeemsFishy
6:43 Loom
9:21 Feudal Age
10:29 Double-Bit Axe
12:10 Wheelbarrow
12:13 Horse Collar
20:22 Castle Age
19:03 Forging
19:38 Bloodlines
20:06 Scale Barding Armor
20:27 Light Cavalry
21:27 Husbandry
21:53 Chain Barding Armor
22:46 Bow Saw
24:53 Heavy Plow
24:53 Gold Mining
27:08 Iron Casting
27:26 Hand Cart
28:28 Fletching
29:31 Gold Shaft Mining
29:37 Town Watch
29:47 Stone Mining
32:28 Stone Shaft Mining
34:38 Imperial Age
33:05 Bodkin Arrow
33:38 Ballistics
33:29 Masonry
33:16 Murder Holes
35:13 Grand Trunk Road
35:56 Heavy Camel Rider
37:33 Plate Barding Armor
36:50 Hussar
38:39 Conscription
38:23 Imperial Camel Rider
40:11 Blast Furnace
39:46 Scale Mail Armor
39:47 Bracer
40:33 Shatagni
41:40 Chemistry
41:35 Elite Ghulam
42:38 Chain Mail Armor
44:30 Padded Archer Armor
46:27 Caravan
46:57 Coinage
48:01 Hoardings
59:22 Elite Skirmisher
60:27 Leather Archer Armor
62:59 Ring Archer Armor
Titi
6:45 Loom
8:53 Loom
11:27 Feudal Age
15:21 Castle Age
13:41 Double-Bit Axe
18:37 Horse Collar
21:48 Bow Saw
22:55 Wheelbarrow
23:05 Town Watch
25:20 Hand Cart
25:19 Fletching
27:23 Fervor
27:34 Gold Mining
28:46 Bodkin Arrow
29:59 Heavy Plow
33:07 Imperial Age
31:24 Forging
31:21 Scale Barding Armor
31:59 Bimaristan
32:04 Bloodlines
32:59 Iron Casting
32:30 Husbandry
33:35 Chain Barding Armor
33:09 Elite Mameluke
34:20 Conscription
34:59 Conscription
34:54 Counterweights
35:45 Plate Barding Armor
35:38 Siege Engineers
37:57 Hoardings
38:37 Blast Furnace
37:59 Masonry
38:49 Chemistry
38:19 Bracer
38:42 Ballistics
40:47 Onager
42:43 Caravan
43:28 Siege Onager
51:15 Town Patrol
53:53 Murder Holes
54:11 Fortified Wall
[CL]TrunicC
5:25 Loom
11:21 Feudal Age
12:27 Double-Bit Axe
13:49 Wheelbarrow
19:17 Castle Age
17:48 Gold Mining
18:10 Stone Mining
18:07 Horse Collar
18:58 Fletching
20:22 Bow Saw
20:35 Fletching
22:02 Bodkin Arrow
24:00 Ballistics
26:32 Padded Archer Armor
33:46 Imperial Age
33:47 Hand Cart
34:00 Fortified Wall
35:27 Bracer
37:50 Chemistry
39:39 Forging
39:30 Scale Mail Armor
40:41 Two-Man Saw
41:12 Iron Casting
41:11 Scale Barding Armor
41:11 Caravan
41:45 Bloodlines
41:30 Elite Battle Elephant
41:41 Elite Battle Elephant
44:52 Husbandry
48:30 Light Cavalry
50:47 Chain Barding Armor
51:15 Elite Skirmisher
57:36 Plate Barding Armor
56:34 Crossbowman
57:56 Imperial Skirmisher
59:18 Pikeman
59:58 Squires
60:57 Leather Archer Armor
63:07 Ring Archer Armor
[CL] ~C H R I $-
6:32 Loom
9:44 Feudal Age
10:33 Double-Bit Axe
13:10 Scale Barding Armor
25:02 Castle Age
22:52 Horse Collar
27:28 Bow Saw
29:59 Heavy Plow
30:36 Wheelbarrow
31:06 Gold Mining
34:08 Imperial Age
35:43 Hand Cart
36:35 Chemistry
36:31 Gold Shaft Mining
37:08 Ballistics
38:06 Chain Barding Armor
37:56 Forging
37:26 Heavy Scorpion
39:55 Double Crossbow
40:10 Light Cavalry
41:01 Bloodlines
40:56 Husbandry
41:11 Fortified Wall
41:02 Hussar
41:51 Stone Mining
44:30 Crop Rotation
50:34 Plate Barding Armor
50:34 Iron Casting
50:30 Conscription
57:00 Blast Furnace
57:10 Caravan
[CL] Davidlk1412
7:59 Feudal Age
8:28 Double-Bit Axe
9:39 Horse Collar
18:54 Castle Age
17:55 Stone Mining
19:32 Wheelbarrow
19:33 Loom
22:50 Town Watch
24:34 Heavy Plow
28:18 Fletching
29:00 Hand Cart
29:25 Fletching
30:19 Husbandry
30:42 Bow Saw
30:23 Gold Mining
31:05 Bloodlines
31:18 Ballistics
31:28 Bodkin Arrow
31:35 Padded Archer Armor
35:46 Imperial Age
36:35 Leather Archer Armor
36:27 Thumb Ring
36:59 Bracer
38:00 Chemistry
37:23 Conscription
37:20 Elite Mangudai
37:53 Light Cavalry
39:14 Nomads
43:13 Siege Engineers
42:33 Onager
43:52 Drill
43:53 Siege Onager
46:06 Hoardings
46:58 Caravan
47:51 Parthian Tactics
50:22 Coinage
51:37 Scale Barding Armor
51:42 Forging
53:00 Hussar
54:02 Chain Barding Armor
55:19 Banking
Mr. Bungle
10:56 Feudal Age
14:43 Castle Age
13:15 Double-Bit Axe
13:58 Horse Collar
16:04 Bow Saw
16:29 Loom
21:05 Husbandry
24:07 Heavy Plow
25:54 Padded Archer Armor
33:15 Imperial Age
31:28 Wheelbarrow
32:32 Scale Mail Armor
32:43 Forging
32:04 Pikeman
32:44 Squires
33:13 Stone Mining
33:13 Gold Mining
33:43 Hand Cart
33:20 Halberdier
34:16 Chain Mail Armor
35:16 Chemistry
35:40 Plate Mail Armor
35:23 Arson
36:32 Iron Casting
38:51 Blast Furnace
39:01 Fletching
42:47 Conscription
44:01 Caravan
44:29 Masonry
45:38 Bodkin Arrow
45:58 Leather Archer Armor
46:17 Architecture
45:45 Elite Conquistador
48:36 Ring Archer Armor
50:38 Fortified Wall
53:07 Bloodlines
57:20 Ballistics
57:00 Capped Ram
60:15 Bombard Tower
59:56 Bracer
61:56 Light Cavalry
Connection lost

Rejoining the realm…

Still unreachable

The connection could not be restored.

Session expired

The server has moved on; the page needs a fresh start.